 Seeded DCSS version 0.28-a0-622-gbaef9634d7 (webtiles) character file.

Game seed: 20211008 (custom seed)

134 a11behringer the Slasher (level 4, -1/41 HPs)
             Began as a Minotaur Fighter on Oct 8, 2021.
             Splashed by a jelly's acid (4 damage)
             ... on level 2 of the Dungeon.
             The game lasted 00:07:32 (2383 turns).

a11behringer the Slasher (Minotaur Fighter)         Turns: 2383, Time: 00:07:32

Health: -1/41      AC:  6    Str: 21    XL:     4   Next: 95%
Magic:  3/3        EV:  9    Int:  5    God:
Gold:   62         SH:  9    Dex: 10    Spells: 3/3 levels left

rFire   + . .      SeeInvis .   a - +0 long sword
rCold   . . .      Faith    .   c - +0 buckler
rNeg    . . .      Spirit   .   b - +0 scale mail
rPois   .          Reflect  +   (helmet restricted)
rElec   .          Harm     .   (no cloak)
rCorr   .          Rampage  .   (no gloves)
Will    .....                   (no boots)
Stlth   ..........              o - amulet of reflection
HPRegen 0.13/turn               i - ring of protection from fire
MPRegen 0.08/turn               (no ring)

@: no status effects
A: horns 2, retaliatory headbutt
a: no special abilities


You were on level 2 of the Dungeon.
You visited 1 branch of the dungeon, and saw 2 of its levels.

You collected 62 gold pieces.

Inventory:

Hand Weapons
 a - a +0 long sword (weapon)
Missiles
 l - 3 boomerangs (quivered)
 m - 9 javelins
 n - 20 bolts
 p - 7 poisoned darts
Armour
 b - a +0 scale mail (worn)
 c - a +0 buckler (worn)
 s - a +0 plate armour
Jewellery
 i - a ring of protection from fire (left hand)
 o - an amulet of reflection (around neck)
Scrolls
 f - 2 scrolls of amnesia {unknown}
 g - 2 scrolls of blinking {unknown}
 h - 2 scrolls of identify {unknown}
 r - a scroll of enchant weapon {unknown}
 u - a scroll of noise {unknown}
Potions
 d - 2 potions of might
 e - a potion of resistance {unknown}
 j - a potion of brilliance {unknown}
 k - 2 potions of flight {unknown}
 q - a potion of lignification {unknown}
 t - a potion of magic {unknown}


   Skills:
 + Level 4.8 Fighting
 * Level 5.3 Long Blades
 - Level 3.6 Armour
 - Level 0.6 Dodging
 - Level 3.6 Shields


You had 3 spell levels left.
You didn't know any spells.
Your spell library contained the following spells:

 Spells                   Type           Power      Damage    Failure   Level
 Apportation              Tloc           0%         N/A       83%         1


Dungeon Overview and Level Annotations

Branches:
Dungeon (2/15)

Altars:


Innate Abilities, Weirdness & Mutations

You have a pair of horns on your head.
You reflexively headbutt those who attack you in melee.


Message History

The fungus begins to die.
The jelly hits the fungus.
The fungus is splashed with acid.
The acid corrodes the fungus!
There is an open door here.
The endoplasm hits the fungus. x2; The jelly hits the fungus.
The fungus is splashed with acid.
The acid corrodes the fungus!
The endoplasm hits the fungus.
You block the jelly's attack.
The jelly hits the fungus.
The fungus is splashed with acid.
The fungus seems to be corroded for longer.
You slash the endoplasm!
You kill the endoplasm!
The jelly barely misses you.
The jelly hits the fungus.
The fungus is splashed with acid!
The endoplasm hits the fungus. x2
The fungus begins to die.
The jelly hits you.
You are splashed with acid!
You hit the endoplasm.
The endoplasm is heavily wounded.
A nearby fungus withers and dies. x3
The endoplasm hits you but does no damage.
The endoplasm freezes you.
You are frozen.
The endoplasm hits the fungus.
The jelly hits the fungus.
The fungus is splashed with acid!
The jelly hits you.
You are splashed with acid!
You barely miss the endoplasm.
The endoplasm is heavily wounded.
A nearby fungus withers and dies.
The endoplasm freezes you.
You are frozen.
* * * LOW HITPOINT WARNING * * *
The endoplasm hits you.
* * * LOW HITPOINT WARNING * * *
The endoplasm hits the fungus.
The jelly hits the fungus.
The fungus is splashed with acid.
You block the jelly's attack.
You hit the endoplasm.
You kill the endoplasm!
A nearby fungus withers and dies.
You block the endoplasm's attack. The jelly hits you.
* * * LOW HITPOINT WARNING * * *
You are splashed with acid.
* * * LOW HITPOINT WARNING * * *
You hit the jelly.
Your hands burn!
You die...

#.########## ###
########## #
(÷.......# ### ##
.P.÷÷..÷.# ##.# .##
÷÷.......# #...
..##### .......J.#
##.# ......#
.....J.JJ# #.#
....###
.P...J.J@###### #.#
.##.#
#######J###...#####
#.# ###.#
##..)...##
##......# #.. # #.#
#.######## #..###.#
##. # #.#
##..'....# #..# #.#
#. # #.# ####....#
#..###.# #. ###.#
#.......# #...##.#
#. ....# #.......#
#.#.##.# #.
..#######.......#
##.#.##.# #.


You could see 3 jellies and 4 endoplasms.

Vanquished Creatures
  Jessica (D:2)
  A gnoll (D:1)
  4 adders (D:2)
  2 dart slugs (D:1)
  3 ball pythons
  10 bats
  11 endoplasms
  2 giant cockroaches (D:2)
  3 goblins
  3 hobgoblins
  2 quokkas (D:2)
  2 frilled lizards
  9 kobolds
  4 rats (D:1)
57 creatures vanquished.

Vanquished Creatures (others)
  5 fungi (D:2)
  8 toadstools (D:2)
13 creatures vanquished.

Grand Total: 70 creatures vanquished

Notes
Turn   | Place    | Note
-------+----------+-------------------------------------------
     0 | D:1      | a11behringer the Minotaur Fighter began the quest for the
                  | Orb.
     0 | D:1      | Reached XP level 1. HP: 19/19 MP: 0/0
   189 | D:1      | Reached XP level 2. HP: 20/27 MP: 1/1
   346 | D:1      | Reached skill level 3 in Long Blades
   523 | D:1      | HP: 1/28 [gnoll (1)]
   525 | D:1      | Reached XP level 3. HP: 2/34 MP: 2/2
  1287 | D:2      | Reached skill level 4 in Long Blades
  1593 | D:2      | Reached XP level 4. HP: 41/41 MP: 3/3
  1655 | D:2      | Found a faded altar of an unknown god.
  1705 | D:2      | Noticed Jessica
  1713 | D:2      | Killed Jessica
  1726 | D:2      | Got Jessica's Handbook of the Compass
  1889 | D:2      | Reached skill level 5 in Long Blades
  2383 | D:2      | Splashed by a jelly's acid

Illustrated notes

Levels and vault maps discovered:
D:1:      denvon_arrival_planthouse, layout_basic
D:2:      cheibrodos_fertilizer, layout_loops_corners,
          chequers_ecumenical_altar_grove, kennysheep_jessica_study

Skill      XL: |  1  2  3  4 |
---------------+-------------+-----
Fighting       | 4 |  4.8
Long Blades    | 3 4 5 |  5.3
Armour         | |  3.6
Dodging        | |  0.6
Shields        | |  3.6

Action                   |  1- 3 |  4- 6 || total
-------------------------+-------+-------++-------
Melee: Long sword        |    79 |    44 ||   123
       Headbutt          |    10 |     4 ||    14
Armor: Scale mail        |    28 |     8 ||    36
Dodge: Dodged            |    42 |    16 ||    58
Block: Buckler           |    30 |    19 ||    49

Table legend: (Time is in decaauts)
 A = Elapsed time spent in this place.
 B = Non-inter-level travel time spent in this place.
 C = Inter-level travel time spent in this place.
 D = Time resting spent in this place.
 E = Time spent auto-exploring this place.
 F = Levels seen in this place.
 G = Mean time per level.
                   A        B        C        D        E       F      G
               +--------+--------+--------+--------+--------+-----+--------+
         Total |   2408 |   2061 |    347 |      0 |   1716 |   2 | 1204.0 |
       Dungeon |   2408 |   2061 |    347 |      0 |   1716 |   2 | 1204.0 |
               +--------+--------+--------+--------+--------+-----+--------+

Top non-repeatable levels by time:
     D:1: 1289 daAuts
     D:2: 1119 daAuts
